APL (24 & UNDER)
SAVANNAH HOGS @ MONTGOMERY GREY SOX
05/30/2027
 
TOP OF THE 1ST
Savannah Hogs batting - Pitching for Montgomery Grey Sox : RHP Matt Kinnieson
Pitching: RHP Matt Kinnieson
Batting: RHB Anastasio Movonda 0-0: Swinging Strike
0-1: Ball
1-1: Ball
2-1: Bunted foul
2-2: Foul Ball, location: 2F
2-2: Ball
3-2: Strikes out swinging
Batting: LHB Jim Clemente 0-0: Ball
1-0: Ball
2-0: Called Strike
2-1: Ball
3-1: Ground out U3 (Groundball, 34S)
Batting: RHB Henry Dawson 0-0: Ball
1-0: Ball
2-0: Ball
3-0: Called Strike
3-1: Base on Balls
Batting: RHB Sergio Moreno 0-0: Ball
1-0: Foul Ball, location: 2F
1-1: Ball
2-1: Ball
3-1: Called Strike
3-2: SINGLE (Flyball, 78S)
Henry Dawson to second
Henry Dawson to third
Batting: RHB Remi Eruzione 0-0: Called Strike
0-1: Foul Ball, location: 2F
0-2: Strikes out swinging
Top of the 1st over - 0 run(s), 1 hit(s), 0 error(s), 2 left on base; Savannah 0 - Montgomery 0
BOTTOM OF THE 1ST
Montgomery Grey Sox batting - Pitching for Savannah Hogs : RHP Danny Lee
Pitching: RHP Danny Lee
Batting: RHB Frederick Curtis 0-0: Ball
1-0: Ball
2-0: Called Strike
2-1: Called Strike
2-2: Ball
3-2: Strikes out looking
Batting: RHB Sergio Gonzáles 0-0: Foul Ball, location: 2F
0-1: Ball
1-1: Ball
2-1: Ball
3-1: Fly out, F2 (Popup, 34S)
Batting: RHB Bradley Burns 0-0: Ball
1-0: SINGLE (Groundball, 25) (infield hit)
Batting: RHB Luis Pineda 0-0: Ball
1-0: Foul Ball, location: 2F
1-1: Hit by Pitch
Bradley Burns to second
Batting: SHB Hoyt Norris 0-0: Ground out U3 (Groundball, 34)
Bottom of the 1st over - 0 run(s), 1 hit(s), 0 error(s), 2 left on base; Savannah 0 - Montgomery 0
TOP OF THE 2ND
Savannah Hogs batting - Pitching for Montgomery Grey Sox : RHP Matt Kinnieson
Batting: LHB Pedro Medine 0-0: Called Strike
0-1: Ground out 4-3 (Groundball, 34)
Batting: RHB Ignacio Rangel 0-0: Called Strike
0-1: Ball
1-1: Called Strike
1-2: Fly out, F9 (Flyball, 89S)
Batting: LHB Marv Alexander 0-0: Ball
1-0: Called Strike
1-1: Swinging Strike
1-2: Ball
2-2: Foul Ball, location: 2F
2-2: Hit by Pitch
Batting: RHB Ernesto Gómez 0-0: Ball
Marv Alexander is caught stealing 2nd base
Top of the 2nd over - 0 run(s), 0 hit(s), 0 error(s), 0 left on base; Savannah 0 - Montgomery 0
BOTTOM OF THE 2ND
Montgomery Grey Sox batting - Pitching for Savannah Hogs : RHP Danny Lee
Batting: RHB António Nevárez 0-0: Ball
1-0: Ball
2-0: Ground out 4-3 (Groundball, 4)
Batting: RHB Ben White 0-0: Fly out, F2 (Popup, 56S)
Batting: LHB Gilbert Stegall 0-0: Called Strike
0-1: Fly out, F5 (Line Drive, 56)
Bottom of the 2nd over - 0 run(s), 0 hit(s), 0 error(s), 0 left on base; Savannah 0 - Montgomery 0
TOP OF THE 3RD
Savannah Hogs batting - Pitching for Montgomery Grey Sox : RHP Matt Kinnieson
Batting: RHB Ernesto Gómez 0-0: Ball
1-0: Ball
2-0: Ball
3-0: Called Strike
3-1: Ground out 4-3 (Groundball, 4)
Batting: RHB Anastasio Movonda 0-0: Ball
1-0: SINGLE (Line Drive, 9LS)
Batting: LHB Jim Clemente 0-0: Ball
1-0: Foul Ball, location: 2F
1-1: Ball
2-1: Ball
3-1: Base on Balls
Anastasio Movonda to second
Batting: RHB Henry Dawson 0-0: Swinging Strike
0-1: Ground out 5-3 (Groundball, 56S)
Anastasio Movonda to third
Jim Clemente to second
Batting: RHB Sergio Moreno 0-0: Ball
1-0: Ball
2-0: Called Strike
2-1: Ball
3-1: Base on Balls
Batting: RHB Remi Eruzione 0-0: Ball
1-0: Ball
2-0: SINGLE (Line Drive, 6)
Anastasio Movonda scores
Jim Clemente to third
Sergio Moreno to second
Runner from 3rd tries for Home, SAFE, no throw
Batting: LHB Pedro Medine 0-0: Ball
1-0: Ball
2-0: Called Strike
2-1: Ball
3-1: Foul Ball, location: 2F
3-2: Foul Ball, location: 2F
3-2: Foul Ball, location: 2F
3-2: Base on Balls
Sergio Moreno to third
Remi Eruzione to second
Batting: RHB Ignacio Rangel 0-0: Fielders Choice at 2nd, 5-4 (Groundball, 56)
Top of the 3rd over - 2 run(s), 2 hit(s), 0 error(s), 2 left on base; Savannah 2 - Montgomery 0
BOTTOM OF THE 3RD
Montgomery Grey Sox batting - Pitching for Savannah Hogs : RHP Danny Lee
Batting: RHB Félix Guillén 0-0: Called Strike
0-1: Called Strike
0-2: Foul Ball, location: 2F
0-2: Ball
1-2: Fly out, F3 (Popup, 3L)
Batting: RHB Frederick Curtis 0-0: Fly out, F8 (Flyball, 8LM)
Batting: RHB Sergio Gonzáles 0-0: Ball
1-0: Called Strike
1-1: Ball
2-1: Ground out U3 (Groundball, 34S)
Bottom of the 3rd over - 0 run(s), 0 hit(s), 0 error(s), 0 left on base; Savannah 2 - Montgomery 0
TOP OF THE 4TH
Savannah Hogs batting - Pitching for Montgomery Grey Sox : RHP Matt Kinnieson
Batting: LHB Marv Alexander 0-0: Swinging Strike
0-1: Hit by Pitch
Batting: RHB Ernesto Gómez 0-0: Ball
1-0: Fly out, F3 (Popup, 34S)
Batting: RHB Anastasio Movonda 0-0: Called Strike
0-1: Foul Ball, location: 2F
0-2: Reached on error, E4 (Groundball, 4)
Marv Alexander to second
Batting: LHB Jim Clemente 0-0: Ball
1-0: Fly out, F8 (Flyball, 8LXD)
Runner from 2nd tags up, SAFE at 3rd, no throw
Batting: RHB Henry Dawson 0-0: Ball
1-0: Ball
2-0: Ball
3-0: Base on Balls
Anastasio Movonda to second
Batting: RHB Sergio Moreno 0-0: Ball
1-0: Called Strike
1-1: Fly out, F3 (Popup, 3L)
Top of the 4th over - 0 run(s), 0 hit(s), 1 error(s), 3 left on base; Savannah 2 - Montgomery 0
BOTTOM OF THE 4TH
Montgomery Grey Sox batting - Pitching for Savannah Hogs : RHP Danny Lee
Batting: RHB Bradley Burns 0-0: Swinging Strike
0-1: Ground out 3-1 (Groundball, 34)
Batting: RHB Luis Pineda 0-0: Ball
1-0: Fly out, F9 (Flyball, 9LS)
Batting: SHB Hoyt Norris 0-0: Ball
1-0: Ground out 4-3 (Groundball, 4)
Bottom of the 4th over - 0 run(s), 0 hit(s), 0 error(s), 0 left on base; Savannah 2 - Montgomery 0
TOP OF THE 5TH
Savannah Hogs batting - Pitching for Montgomery Grey Sox : RHP Matt Kinnieson
Pitching: LHP Raúl Coranillo
Batting: RHB Remi Eruzione 0-0: Ball
1-0: Ball
2-0: Called Strike
2-1: Ball
3-1: Called Strike
3-2: Strikes out swinging
Batting: LHB Pedro Medine 0-0: SOLO HOME RUN (Flyball, 89XD), Distance : 415 ft
Batting: RHB Ignacio Rangel 0-0: Swinging Strike
0-1: Fly out, F8 (Flyball, 8LM)
Batting: LHB Marv Alexander 0-0: Ball
1-0: Ball
2-0: Ball
3-0: Called Strike
3-1: Swinging Strike
3-2: Base on Balls
Batting: RHB Ernesto Gómez 0-0: Ball
1-0: Called Strike
Marv Alexander steals 2nd base
1-1: Ground out 4-3 (Groundball, 4)
Top of the 5th over - 1 run(s), 1 hit(s), 0 error(s), 1 left on base; Savannah 3 - Montgomery 0
BOTTOM OF THE 5TH
Montgomery Grey Sox batting - Pitching for Savannah Hogs : RHP Danny Lee
Batting: RHB António Nevárez 0-0: Foul Ball, location: 2F
0-1: Reached on error, E4 (Groundball, 4MS)
Batting: RHB Ben White 0-0: Called Strike
0-1: Grounds into double play, 6-4-3 (Groundball, 6)
Batting: LHB Gilbert Stegall 0-0: Swinging Strike
0-1: Swinging Strike
0-2: Ball
1-2: Ball
2-2: Foul Ball, location: 2F
2-2: Ball
3-2: Base on Balls
Batting: RHB Félix Guillén 0-0: Called Strike
0-1: Ball
1-1: SINGLE (Groundball, 6MD)
Gilbert Stegall to second
Runner from 2nd tries for 3rd, SAFE, no throw
Batting: RHB Frederick Curtis 0-0: Ball
1-0: Called Strike
1-1: Called Strike
1-2: Ball
2-2: Ball
3-2: DOUBLE (Flyball, 78D)
Gilbert Stegall scores
Félix Guillén to third
Félix Guillén scores
Batting: RHB Sergio Gonzáles 0-0: Ball
1-0: Fly out, F9 (Line Drive, 9)
Bottom of the 5th over - 2 run(s), 2 hit(s), 1 error(s), 1 left on base; Savannah 3 - Montgomery 2
TOP OF THE 6TH
Savannah Hogs batting - Pitching for Montgomery Grey Sox : LHP Raúl Coranillo
Batting: RHB Anastasio Movonda 0-0: Ball
1-0: Ground out 5-3 (Groundball, 5S)
Batting: LHB Jim Clemente 0-0: Ball
1-0: Called Strike
1-1: Ball
2-1: Ball
3-1: Ground out 4-3 (Groundball, 4)
Batting: RHB Henry Dawson 0-0: Ground out 5-3 (Groundball, 56)
Top of the 6th over - 0 run(s), 0 hit(s), 0 error(s), 0 left on base; Savannah 3 - Montgomery 2
BOTTOM OF THE 6TH
Montgomery Grey Sox batting - Pitching for Savannah Hogs : RHP Danny Lee
Batting: RHB Bradley Burns 0-0: Ball
1-0: Called Strike
1-1: Called Strike
1-2: Strikes out swinging
Batting: RHB Luis Pineda 0-0: Ball
1-0: Swinging Strike
1-1: Ball
2-1: Ball
3-1: Fly out, F9 (Line Drive, 89M)
Batting: SHB Hoyt Norris 0-0: Fly out, F7 (Flyball, 7LSF)
Bottom of the 6th over - 0 run(s), 0 hit(s), 0 error(s), 0 left on base; Savannah 3 - Montgomery 2
TOP OF THE 7TH
Savannah Hogs batting - Pitching for Montgomery Grey Sox : LHP Raúl Coranillo
Batting: RHB Sergio Moreno 0-0: Called Strike
0-1: Foul Ball, location: 2F
0-2: Ball
1-2: Foul Ball, location: 2F
1-2: Strikes out swinging
Batting: RHB Remi Eruzione 0-0: Swinging Strike
0-1: Foul Ball, location: 2F
0-2: Ball
1-2: Ball
2-2: Strikes out swinging
Batting: LHB Pedro Medine 0-0: Swinging Strike
0-1: SINGLE (Line Drive, 9S)
Pinch Hitting: LHB Manny Hernández 0-0: Ball
1-0: Foul Ball, location: 2F
1-1: Foul Ball, location: 2F
1-2: Ball
2-2: Ball
3-2: Fly out, F2 (Popup, 25)
Top of the 7th over - 0 run(s), 1 hit(s), 0 error(s), 1 left on base; Savannah 3 - Montgomery 2
BOTTOM OF THE 7TH
Montgomery Grey Sox batting - Pitching for Savannah Hogs : RHP Danny Lee
Now at SS: Ivan Costello
Batting: RHB António Nevárez 0-0: Called Strike
0-1: Foul Ball, location: 2F
0-2: Ball
1-2: Foul Ball, location: 2F
1-2: Hit by Pitch
Pinch Runner at 1st Martín Palaeios:
Batting: RHB Ben White 0-0: Ball
1-0: Foul Ball, location: 2F
1-1: Ball
2-1: Foul Ball, location: 2F
2-2: Strikes out swinging
Batting: LHB Gilbert Stegall 0-0: Called Strike
0-1: Ball
Martín Palaeios steals 2nd base
1-1: Foul Ball, location: 2F
1-2: Strikes out swinging
Pitching: LHP Miguel Valentín
Batting: RHB Félix Guillén 0-0: Ground out 6-3 (Groundball, 6)
Bottom of the 7th over - 0 run(s), 0 hit(s), 0 error(s), 1 left on base; Savannah 3 - Montgomery 2
TOP OF THE 8TH
Savannah Hogs batting - Pitching for Montgomery Grey Sox : LHP Raúl Coranillo
Now at SS: Félix Cruz
Batting: LHB Marv Alexander 0-0: Ball
1-0: Swinging Strike
1-1: Ball
2-1: Ground out 4-3 (Groundball, 4)
Batting: RHB Ernesto Gómez 0-0: Foul Ball, location: 2F
0-1: Ball
1-1: Foul Ball, location: 2F
1-2: Ball
2-2: Strikes out swinging
Batting: RHB Anastasio Movonda 0-0: Ball
1-0: Foul Ball, location: 2F
1-1: Ball
2-1: Single, Error in OF, E9, batter to second base
Pinch Hitting: RHB Júlio Peña 0-0: Ball
1-0: Ball
2-0: Ball
3-0: Called Strike
3-1: Foul Ball, location: 2F
3-2: Base on Balls
Batting: RHB Henry Dawson 0-0: Swinging Strike
0-1: Ball
1-1: Called Strike
1-2: Ground out 1-3 (Groundball, 13)
Top of the 8th over - 0 run(s), 1 hit(s), 1 error(s), 2 left on base; Savannah 3 - Montgomery 2
BOTTOM OF THE 8TH
Montgomery Grey Sox batting - Pitching for Savannah Hogs : LHP Miguel Valentín
Pitching: RHP António Encarnación
Now in RF: Javier Músquez
Batting: RHB Frederick Curtis 0-0: Ball
1-0: Called Strike
1-1: Ball
2-1: Foul Ball, location: 2F
2-2: Strikes out swinging
Batting: RHB Sergio Gonzáles 0-0: Called Strike
0-1: Ball
1-1: SINGLE (Groundball, 6MD)
Pinch Hitting: RHB Bryant von Bohlen 0-0: Fly out, F9 (Flyball, 9S)
Batting: RHB Luis Pineda 0-0: Swinging Strike
0-1: Ball
1-1: Ball
2-1: Swinging Strike
2-2: Ball
3-2: Foul Ball, location: 2F
3-2: SINGLE (Line Drive, 4M)
Sergio Gonzáles to second
Sergio Gonzáles to third
Batting: SHB Hoyt Norris 0-0: Ball
1-0: Called Strike
1-1: Ball
2-1: Called Strike
2-2: Strikes out swinging
Bottom of the 8th over - 0 run(s), 2 hit(s), 0 error(s), 2 left on base; Savannah 3 - Montgomery 2
TOP OF THE 9TH
Savannah Hogs batting - Pitching for Montgomery Grey Sox : LHP Raúl Coranillo
Now at 3B: Alberto García
Batting: RHB Sergio Moreno 0-0: SINGLE (Groundball, 56D)
Batting: RHB Remi Eruzione 0-0: Grounds into double play, 5-4-3 (Groundball, 5L)
Batting: LHB Pedro Medine 0-0: Ball
1-0: Ball
2-0: Ball
3-0: Base on Balls
Batting: LHB Ivan Costello 0-0: Ball
1-0: Swinging Strike
1-1: Ball
2-1: Foul Ball, location: 2F
2-2: DOUBLE (Line Drive, 78D)
Pedro Medine to third
Pinch Hitting: RHB José Fajardo 0-0: Ball
Wild Pitch!
Pedro Medine scores
Ivan Costello to third
1-0: Ground out 6-3 (Groundball, 6)
Top of the 9th over - 1 run(s), 2 hit(s), 0 error(s), 1 left on base; Savannah 4 - Montgomery 2
BOTTOM OF THE 9TH
Montgomery Grey Sox batting - Pitching for Savannah Hogs : RHP António Encarnación
Pitching: RHP Jorge Durán
Now in LF: Juan Delgado
Batting: RHB Félix Cruz 0-0: SINGLE (Line Drive, 7LS)
Pinch Hitting: SHB Joe Pierce 0-0: Ball
1-0: Ball
2-0: Ball
3-0: Called Strike
3-1: Foul Ball, location: 2F
3-2: Base on Balls
Félix Cruz to second
Batting: LHB Gilbert Stegall 0-0: Sac Bunt - play at first, batter OUT! 1-3
Félix Cruz to third
Joe Pierce to second
Batting: RHB Félix Guillén 0-0: Called Strike
0-1: Ground out 6-3 (Groundball, 6)
Félix Cruz scores
Joe Pierce to third
Batting: RHB Frederick Curtis 0-0: Foul Ball, location: 2F
0-1: Ball
1-1: Ball
2-1: Ball
3-1: Base on Balls
Batting: RHB Sergio Gonzáles 0-0: Called Strike
0-1: Foul Ball, location: 2F
0-2: Ball
1-2: Strikes out looking
Bottom of the 9th over - 1 run(s), 1 hit(s), 0 error(s), 2 left on base; Savannah 4 - Montgomery 3
Thursday, March 30th, 2017 - OOTP Baseball 17.12 Build 75